 Dungeon Crawl Stone Soup version 0.24-a0-271-ga0fc33f724 (webtiles) character file.

Game seed: 14859547556155440973

74 Redear the Skirmisher (level 4, -1/35 HPs)
             Began as a Demonspawn Fighter on Apr 23, 2019.
             Slain by an orc wizard
             ... wielding a +0 dagger
              (5 damage)
             ... on level 3 of the Dungeon.
             The game lasted 00:02:21 (1928 turns).

Redear the Skirmisher (Demonspawn Fighter)          Turns: 1928, Time: 00:02:21

Health: -1/35      AC:  6    Str: 17    XL:     4   Next: 10%
Magic:  0/4        EV:  7    Int: 10    God:
Gold:   98         SH:  9    Dex: 12    Spells: 3/3 levels left

rFire    . . .     SeeInvis .   a - +0 flail
rCold    . . .     Gourm    .   c - +0 shield
rNeg     . . .     Faith    .   b - +0 scale mail
rPois    .         Spirit   +   (no helmet)
rElec    .         Reflect  .   (no cloak)
rCorr    .         Harm     .   (no gloves)
MR       .....                  (no boots)
Stlth    ..........             (no amulet)
HPRegen  0.11/turn              (no ring)
MPRegen  0.18/turn              (no ring)

@: no status effects
A: magic shield, magic regeneration, rot immunity
a: no special abilities


You were on level 3 of the Dungeon.
You were not hungry.

You visited 1 branch of the dungeon, and saw 3 of its levels.

You collected 98 gold pieces.

Inventory:

Hand Weapons
 a - a +0 flail (weapon)
Armour
 b - a +0 scale mail (worn)
 c - a +0 shield (worn)
 o - a cursed +0 pair of boots
Jewellery
 n - an uncursed ring of fire {rF+ rC-}
Scrolls
 e - a scroll of amnesia {unknown}
 f - 2 scrolls of magic mapping {unknown}
 g - 2 scrolls of identify {unknown}
 i - a scroll of enchant weapon {unknown}
 j - a scroll of remove curse {unknown}
 k - 3 scrolls of teleportation {unknown}
 l - 2 scrolls of blinking {unknown}
Potions
 d - a potion of might {Str+5 DMG+1d10 | @q3}
 h - 2 potions of curing {unknown}
 m - a potion of mutation {unknown}
 p - a potion of degeneration {unknown}
Comestibles
 z - 4 rations


   Skills:
 + Level 3.4 Fighting
 + Level 2.3 Maces & Flails
 + Level 3.1 Armour
 + Level 1.2 Dodging
 + Level 3.1 Shields


You had 3 spell levels left.
You didn't know any spells.
Your spell library was empty.

Dungeon Overview and Level Annotations

Branches:
Dungeon (3/15)

Altars:
Makhleb
Zin


Innate Abilities, Weirdness & Mutations

When hurt, damage is shared between your health and your magic reserves.
You regenerate magic rapidly.
You are immune to rotting.


Message History

You miss something. Something hits you but does no damage.
You miss something. Something hits you but does no damage. Something hits you.
You now have 2/4 mp.
Your shield prevents you from hitting something.
Something hits you.
You hear some strange, mumbled words.
A puff of flame appears from out of thin air!
The puff of flame hits you.
The phantom blinks!
You take 2 damage, and have 13/35 hp.
You now have 1/4 mp.
You are too injured to fight recklessly!
You hit something. You block something's attack. Something hits you.
Something hits you but does no damage.
You now have 0/4 mp.
You closely miss something.
You hear some strange, mumbled words.
A puff of frost appears from out of thin air!
The puff of frost hits you!
* * * LOW HITPOINT WARNING * * *
Something hits you.
You die...

#..##.######.######
##.###.......†.# ..
#+# #######.#.# .#
#.#.# .# #..%##.#
###.>g†#
#o.#)oo....
#########h#.o.....
#.....@{og#..W.b..
###########.......
.h..... ..b.!..
.......


You could see an orc, a jackal and a hobgoblin.

Vanquished Creatures
  2 adders (D:2)
  A worm (D:2)
  2 dart slugs (D:1)
  An orc (D:3)
  A ball python (D:1)
  A giant cockroach (D:1)
  5 goblins
  8 hobgoblins
  A jackal (D:3)
  5 kobolds
  2 quokkas
  9 bats
  2 frilled lizards (D:1)
  7 rats
47 creatures vanquished.

Notes
Turn   | Place    | Note
-------+----------+-------------------------------------------
     0 | D:1      | Redear the Demonspawn Fighter began the quest for the Orb.
     0 | D:1      | Reached XP level 1. HP: 18/18 MP: 1/1
   315 | D:1      | Gained mutation: When hurt, damage is shared between your
                  | health and your magic reserves. [demonic ancestry]
   315 | D:1      | Reached XP level 2. HP: 24/24 MP: 2/2
   357 | D:1      | Reached skill level 2 in Maces & Flails
   718 | D:1      | Gained mutation: You regenerate magic rapidly. [demonic
                  | ancestry]
   718 | D:1      | Reached XP level 3. HP: 23/29 MP: 3/3
   760 | D:1      | Reached skill level 3 in Shields
   819 | D:1      | Reached skill level 3 in Armour
  1009 | D:2      | Reached skill level 1 in Dodging
  1469 | D:2      | Found a burning altar of Makhleb.
  1474 | D:2      | Found a glowing silver altar of Zin.
  1474 | D:2      | Noticed an angel
  1475 | D:2      | Noticed a cacodemon
  1788 | D:3      | Gained mutation: You are immune to rotting. [demonic
                  | ancestry]
  1788 | D:3      | Reached XP level 4. HP: 32/35 MP: 4/4
  1904 | D:3      | Noticed a phantom
  1928 | D:3      | Slain by an orc wizard

Levels and vault maps discovered:
D:1:      onia_arrival_mini_spirals, layout_loops_cross
D:2:      layout_loops_ring, grunt_temple_overflow_order_and_chaos_2
D:3:      layout_basic, yredelemnul_forgotten_temple_becter, first_ration,
          hangedman_decor_clover_reticule, minmay_joined_circles

Skill      XL: |  1  2  3 |
---------------+----------+-----
Maces & Flails | 2 |  2.3
Shields        | 3 |  3.1
Armour         | 3 |  3.1
Dodging        | 1 |  1.2
Fighting       | |  3.4

Action                   |  1- 3 |  4- 6 || total
-------------------------+-------+-------++-------
Melee: Flail             |   132 |    24 ||   156
  Eat: Chunk             |     1 |       ||     1
       Ration            |       |     1 ||     1
Armor: Scale mail        |    61 |    15 ||    76
Dodge: Dodged            |    47 |     9 ||    56
Block: Shield            |    71 |    19 ||    90

Table legend:
 A = Non-vault XP
 B = Vault XP
 C = Vault XP percentage of total XP
 D = Non-vault monster count
 E = Vault monster count
 F = Vault count percentage of total count
                 A         B        C        D         E       F
            +---------+---------+-------+---------+---------+-------
      Total |     107 |       0 |   0.0 |      47 |       0 |   0.0
            +---------+---------+-------+---------+---------+-------
        D:1 |      48 |       0 |   0.0 |      27 |       0 |   0.0
        D:2 |      41 |       0 |   0.0 |      10 |       0 |   0.0
        D:3 |      18 |       0 |   0.0 |      10 |       0 |   0.0
            +---------+---------+-------+---------+---------+-------
